 Dungeon Crawl Stone Soup version 0.18.1-6-gd335043 (webtiles) character file.

88 lightmor the Chopper (level 4, -5/58 HPs)
             Began as a Minotaur Berserker on May 17, 2016.
             Was a Believer of Trog.
             Slain by lightmor's ghost (6 damage)
             ... on level 3 of the Dungeon.
             The game lasted 00:03:18 (1057 turns).

lightmor the Chopper (Minotaur Berserker)           Turns: 1057, Time: 00:03:18

Health: -5/58      AC:  3    Str: 27    XL:     4   Next: 30%
Magic:  3/3        EV: 13    Int:  4    God:    Trog [**....]
Gold:   117        SH:  0    Dex: 10    Spells: 0 memorised, 3 levels left

rFire  . . .     SeeInvis .     a - +0 hand axe
rCold  . . .     Gourm    .     b - +0 animal skin
rNeg   + . .     Faith    .     (no shield)
rPois  .         Spirit   .     (helmet restricted)
rElec  .         Dismiss  .     g - +0 cloak
rCorr  .         Reflect  .     (no gloves)
SustAt .         Harm     .     (no boots)
MR     .....                    (no amulet)
Stlth  ..........               l - ring of positive energy
                                u - +1 ring of evasion

@: berserking, very quick, not resistant to hostile enchantments, extremely
unstealthy
A: retaliatory headbutt, horns 2
a: Berserk, Trog's Hand, Burn Spellbooks, Renounce Religion


You were on level 3 of the Dungeon.
You worshipped Trog.
Trog was pleased with you.
You were not hungry.

You visited 1 branch of the dungeon, and saw 3 of its levels.

You collected 117 gold pieces.

Inventory:

Hand Weapons
 a - a +0 hand axe (weapon)
Armour
 b - a +0 animal skin (worn)
 g - a +0 cloak (worn)
Jewellery
 h - an uncursed ring of stealth
 l - a ring of positive energy (right hand)
 p - an uncursed ring of magical power
 u - a +1 ring of evasion (left hand)
Scrolls
 e - a scroll of magic mapping
 i - 2 scrolls of enchant armour {unknown}
 k - a scroll of teleportation {unknown}
 n - a scroll of random uselessness {unknown}
 q - a scroll of fear {unknown}
 s - a scroll of enchant weapon {unknown}
Potions
 d - a potion of heal wounds
 m - 3 potions of agility
 r - a potion of might
 t - a potion of cure mutation {unknown}
Comestibles
 c - a bread ration
 f - 4 chunks of flesh
 o - a slice of pizza


   Skills:
 - Level 3.6 Fighting
 * Level 6.2 Axes
 - Level 2.4 Armour
 - Level 2.1 Dodging


You had 3 spell levels left.
You didn't know any spells.

Dungeon Overview and Level Annotations

Branches:
Dungeon (3/15)

Altars:

Annotations:
D:3 lightmor's ghost, amateur MiBe


Innate Abilities, Weirdness & Mutations

You reflexively headbutt those who attack you in melee.
You have a pair of horns on your head.


Message History

You slash the rat!
You kill the rat!
Trog accepts your kill. Lightmor's ghost hits you.
* * * LOW HITPOINT WARNING * * *
You are too berserk!
You barely miss lightmor's ghost. Your headbutt misses lightmor's ghost.
Lightmor's ghost is moderately damaged.
You closely miss lightmor's ghost.
Lightmor's ghost is moderately damaged.
Lightmor's ghost barely misses you.
You hit lightmor's ghost. Your headbutt misses lightmor's ghost.
Lightmor's ghost is moderately damaged.
Lightmor's ghost hits you but does no damage.
You slash lightmor's ghost! Your headbutt misses lightmor's ghost.
Lightmor's ghost is severely damaged.
You barely miss lightmor's ghost.
Lightmor's ghost is severely damaged.
Lightmor's ghost hits you.
You die...

.###.........#
#.............#
#..##..).....?#
# #####...###
#..$# #...#
#...# #...#
#.@.# #.†W....#
#......w.....
#.>.......##.
#...........
........#.....
..##.....#..##.
.# #....(...#


You could see lightmor's ghost and a dart slug.

Vanquished Creatures
  3 adders
  2 dart slugs (D:1)
  3 orcs (D:3)
  A giant cockroach (D:1)
  9 hobgoblins
  4 jackals (D:1)
  7 bats
  4 giant newts
  9 goblins
  6 kobolds
  7 rats
55 creatures vanquished.

Notes
Turn   | Place    | Note
--------------------------------------------------------------
     0 | D:1      | lightmor the Minotaur Berserker began the quest for the Orb.
     0 | D:1      | Reached XP level 1. HP: 19/19 MP: 0/0
    27 | D:1      | Reached skill level 4 in Axes
    67 | D:1      | Reached XP level 2. HP: 17/26 MP: 1/1
   299 | D:1      | Reached ** piety under Trog
   326 | D:1      | Reached skill level 5 in Axes
   471 | D:2      | Reached XP level 3. HP: 26/31 MP: 2/2
   781 | D:2      | Reached XP level 4. HP: 35/39 MP: 3/3
   924 | D:3      | Reached skill level 6 in Axes
  1044 | D:3      | Noticed lightmor's ghost (amateur MiBe)
  1052 | D:3      | HP: 1/58 [lightmor's ghost (6)]
  1057 | D:3      | Slain by lightmor's ghost

Skill      XL: |  1  2  3  4 |
---------------+-------------+-----
Axes           | 4 5 6 |  6.2
Fighting       | |  3.6
Armour         | |  2.4
Dodging        | |  2.1

Action                   |  1- 3 |  4- 6 || total
-------------------------+-------+-------++-------
Melee: Hand axe          |    88 |    26 ||   114
       Headbutt          |    13 |     5 ||    18
Invok: Berserk           |       |     1 ||     1
  Use: Scroll            |     3 |     3 ||     6
  Eat: Chunk             |       |     1 ||     1
Armor: Animal skin       |    11 |     4 ||    15
Dodge: Dodged            |    66 |    12 ||    78
